 Dungeon Crawl Stone Soup version 0.29-a0-541-gaf1fc19f1b (webtiles) character file.

Game seed: 10105346997539370306

70 happo123 the Sneak (level 4, -1/25 HPs)
             Began as a Kobold Enchanter on June 3, 2022.
             Slain by a hobgoblin (4 damage)
             ... on level 2 of the Dungeon.
             The game lasted 00:06:21 (2493 turns).

happo123 the Sneak (Kobold Enchanter)               Turns: 2493, Time: 00:06:21

Health: -1/25      AC:  2    Str:  5    XL:     4   Next: 44%
Magic:  1/7        EV: 15    Int: 18    God:
Gold:   94         SH:  0    Dex: 15    Spells: 3/8 levels left

rFire   . . .      SeeInvis +   a - +1 dagger
rCold   . . .      Faith    .   (no shield)
rNeg    . . .      Spirit   .   b - +0 robe
rPois   .          Reflect  .   (no helmet)
rElec   .          Harm     .   (no cloak)
rCorr   .          Rampage  .   (no gloves)
Will    .....                   (no boots)
Stlth   ++++......              (no amulet)
HPRegen 0.08/turn               e - ring of see invisible
MPRegen 0.10/turn               (no ring)

@: no status effects
A: small, no large weapons, nightstalker 3
a: no special abilities


You were on level 2 of the Dungeon.
You visited 1 branch of the dungeon, and saw 2 of its levels.

You collected 94 gold pieces.

Inventory:

Hand Weapons
 a - a +1 dagger (weapon)
Armour
 b - a +0 robe (worn)
Jewellery
 e - a ring of see invisible (left hand)
Scrolls
 f - 4 scrolls of teleportation {unknown}
 g - 2 scrolls of blinking {unknown}
 h - 4 scrolls of identify {unknown}
 k - a scroll of amnesia {unknown}
 n - a scroll of fear {unknown}
 o - a scroll of fog {unknown}
Potions
 c - 2 potions of invisibility
 d - a potion of resistance {unknown}
 i - a potion of attraction {unknown}
 j - 3 potions of curing {unknown}
 l - 2 potions of magic {unknown}
 m - a potion of cancellation {unknown}


   Skills:
 + Level 1.2 Fighting
 + Level 2.2 Short Blades
 + Level 3.0 Dodging
 + Level 4.6 Stealth
 + Level 2.5 Spellcasting
 * Level 3.6 Hexes


You had 3 spell levels left.
You knew the following spells:

 Your Spells              Type           Power      Damage    Failure   Level
a - Ensorcelled Hibernat  Hex/Ice        16%        N/A       12%         2
b - Confusing Touch       Hex            15%        N/A       12%         3

Your spell library contained the following spells:

 Spells                   Type           Power      Damage    Failure   Level
 Tukima's Dance           Hex            15%        N/A       12%         3
 Dazzling Flash           Conj/Hex       16%        N/A       24%         3


Dungeon Overview and Level Annotations

Branches:
Dungeon (2/15)

Altars:
Fedhas

Shops:
D:1 :


Innate Abilities, Weirdness & Mutations

You are small and have problems with some larger weapons.
You are completely attuned to the shadows.


Message History

The helpless frilled lizard fails to defend itself.
You impale the frilled lizard!!
You kill the frilled lizard!
You see here a frilled lizard corpse.
Found a stone staircase leading down.
You now have 94 gold pieces (gained 5).
Found a hunting sling.
You see here a +0 hunting sling.
Terence the Incautious comes into view.
He is wielding a +0 falchion.
A hobgoblin comes into view.
Terence shouts!
Aiming: Ensorcelled Hibernation (safe; 13% risk of failure)
Press: ? - help, Q - select action Shift-Dir - straight line, f - Terence
Aim: Terence, wielding a +0 falchion and wearing a +0 scale mail (chance to affect: 50%) Terence looks drowsy...
The hobgoblin shouts!
The helpless Terence fails to defend himself.
You impale Terence!!
Terence is almost dead.
Terence hits you with a +0 falchion!
Casting: Ensorcelled Hibernation (safe; 13% risk of failure)
Confirm with . or Enter, or press ? or * to list all spells.
The spell is extremely dangerous to miscast (12% risk of failure)!
Continue anyway?
Your hands begin to glow red.
The hobgoblin hits you. Terence misses you.
You hit Terence but do no damage.
Terence is almost dead.
The hobgoblin misses you. Terence hits you with a +0 falchion.
You hit Terence but do no damage.
Terence appears confused.
Terence is almost dead.
The hobgoblin hits you.
* * * LOW HITPOINT WARNING * * *
Terence closely misses you.
You hit Terence.
You kill Terence!
The hobgoblin misses you.
Your Dodging skill increases to level 3!
You have reached level 4!
You hit the hobgoblin but do no damage. The hobgoblin completely misses you.
You hit the hobgoblin but do no damage. The hobgoblin hits you.
You die...

####....########.#..######
.....#### #...#..###..#
.##### #.###...##.##### .#
#. #.#..#...... .##### #
.........###. .....# #
..#..#.###.# .....# #.
####...#...# .....#####
...##.....).### #....†....
...)@.#...### ......####
...g.......# #..##..###
......##...# ##........
......###..# #####.##..
......# #..# ## #..##.
.... ##.# .# #..... #.###
.# #..... #...# .## #.....
....##.#.##


You could see a hobgoblin.

Vanquished Creatures
  Terence (D:2)
  An adder (D:2)
  A worm (D:2)
  2 endoplasms (D:2)
  A giant cockroach (D:2)
  5 goblins
  A hobgoblin (D:2)
  2 kobolds (D:1)
  3 quokkas
  2 ball pythons
  5 bats
  5 frilled lizards
  3 rats
32 creatures vanquished.

Notes
Turn   | Place    | Note
-------+----------+-------------------------------------------
     0 | D:1      | happo123 the Kobold Enchanter began the quest for the Orb.
     0 | D:1      | Reached XP level 1. HP: 10/10 MP: 3/3
   350 | D:1      | Reached XP level 2. HP: 2/16 MP: 5/5
   353 | D:1      | Learned a level 2 spell: Ensorcelled Hibernation
   740 | D:1      | Found Osmoss's Book Emporium.
   824 | D:1      | Found a faded altar of an unknown god.
  1762 | D:2      | Reached XP level 3. HP: 12/20 MP: 1/6
  1766 | D:2      | Learned a level 3 spell: Confusing Touch
  2123 | D:2      | Reached skill level 1 in Fighting
  2370 | D:2      | Found a blossoming altar of Fedhas.
  2483 | D:2      | Noticed Terence
  2491 | D:2      | Killed Terence
  2492 | D:2      | Reached XP level 4. HP: 3/25 MP: 1/7
  2493 | D:2      | Slain by a hobgoblin

Illustrated notes

Levels and vault maps discovered:
D:1:      wheals_arrival_linesprint, layout_loops_ring,
          shapermc_ecumenical_altar_acropolis, serial_shops,
          nicolae_shop_advertising_works [nicolae_subvault_shop_adworks]
D:2:      layout_rooms, basic_altar, uniq_terence, uniq_crazy_yiuf_cottage

Skill      XL: |  1  2  3 |
---------------+----------+-----
Fighting       | 1 |  1.2
Short Blades   | 2 |  2.2
Dodging        | 3 |  3.0
Stealth        | |  4.6
Spellcasting   | |  2.5
Hexes          | |  3.6

Action                   |  1- 3 |  4- 6 || total
-------------------------+-------+-------++-------
Melee: Dagger            |    72 |     2 ||    74
       Punch             |     1 |       ||     1
 Cast: Ensorcelled Hiber |    17 |       ||    17
       Confusing Touch   |     1 |       ||     1
 Stab: Sleeping          |    21 |       ||    21
Armor: Robe              |    20 |       ||    20
Dodge: Dodged            |    60 |     1 ||    61

Table legend: (Time is in decaauts)
 A = Elapsed time spent in this place.
 B = Non-inter-level travel time spent in this place.
 C = Inter-level travel time spent in this place.
 D = Time resting spent in this place.
 E = Time spent auto-exploring this place.
 F = Levels seen in this place.
 G = Mean time per level.
                   A        B        C        D        E       F      G
               +--------+--------+--------+--------+--------+-----+--------+
         Total |   2487 |   2378 |    109 |    318 |   1771 |   2 | 1243.5 |
       Dungeon |   2487 |   2378 |    109 |    318 |   1771 |   2 | 1243.5 |
               +--------+--------+--------+--------+--------+-----+--------+

Top non-repeatable levels by time:
     D:1: 1648 daAuts
     D:2: 839 daAuts
